 Dungeon Crawl Stone Soup version 0.29.1-14-g9c671dbff4 (webtiles) character file.

Game seed: 15815022406580575268

3059 112233 the Thaumaturge (level 9, 0/68 HPs)
             Began as a Demonspawn Fire Elementalist on Feb 13, 2023.
             Was a Follower of Sif Muna.
             Killed from afar by an acid dragon (23 damage)
             ... with a splash of acid
             ... on level 9 of the Dungeon.
             The game lasted 00:10:43 (11643 turns).

112233 the Thaumaturge (DsFE)                      Turns: 11643, Time: 00:10:44

Health: 0/68       AC:  5    Str: 10    XL:     9   Next: 57%
Magic:  5/23       EV: 18    Int: 20    God:    Sif Muna [*.....]
Gold:   368        SH:  5    Dex: 13    Spells: 19/28 levels left

rFire   . . .      SeeInvis .   A - +4 trident (freeze)
rCold   + . .      Faith    .   (no shield)
rNeg    . . .      Spirit   .   a - +0 robe
rPois   +          Reflect  +   w - +1 hat
rElec   .          Harm     .   F - +0 cloak
rCorr   .          Rampage  .   (no gloves)
Will    .....                   y - +0 pair of boots
Stlth   ++........              j - amulet of reflection
HPRegen 0.21/turn               n - ring of protection from cold
MPRegen 0.18/turn               G - ring of poison resistance

@: repel missiles
A: antennae 1, repulsion field 3, demonic magic 1
a: Renounce Religion, Channel Magic


You were on level 9 of the Dungeon.
You worshipped Sif Muna.
Sif Muna was aware of your devotion.
You visited 2 branches of the dungeon, and saw 10 of its levels.

You collected 566 gold pieces.
You spent 198 gold pieces at shops.

Inventory:

Hand Weapons
 d - a +1 spectral quarterstaff
 z - a +5 dire flail of freezing
 A - a +4 trident of freezing (weapon)
Armour
 a - a +0 robe (worn)
 w - a +1 hat (worn)
 y - a +0 pair of boots (worn)
 F - a +0 cloak (worn)
Magical Staves
 c - a staff of earth
Jewellery
 j - an amulet of reflection (around neck)
 n - a ring of protection from cold (left hand)
 E - an amulet of guardian spirit
 G - a ring of poison resistance (right hand)
Wands
 q - a wand of mindburst (8)
Scrolls
 e - a scroll of fear {unknown}
 f - 9 scrolls of identify
 g - 4 scrolls of teleportation
 l - 3 scrolls of vulnerability
 m - 4 scrolls of immolation {unknown}
 p - 3 scrolls of magic mapping {unknown}
 v - 2 scrolls of noise {unknown}
 x - a scroll of amnesia {unknown}
 B - a scroll of enchant armour {unknown}
 C - a scroll of poison {unknown}
Potions
 b - 2 potions of mutation {unknown}
 i - 2 potions of brilliance
 k - 2 potions of haste {unknown}
 o - 3 potions of flight {unknown}
 r - 3 potions of curing {unknown}
 s - 2 potions of might
 t - a potion of berserk rage {unknown}
 u - 3 potions of attraction {unknown}


   Skills:
 + Level 5.5 Fighting
 + Level 5.5 Dodging
 - Level 1.8 Stealth
 + Level 10.0 Spellcasting
 - Level 1.0 Conjurations
 - Level 2.7 Fire Magic


You had 19 spell levels left.
You knew the following spells:

 Your Spells              Type           Power      Damage    Failure   Level
a - Foxfire               Conj/Fire      68%        2x1d7     3%          1
b - Scorch                Fire           40%        2d7       3%          2
c - Flame Wave            Conj/Fire      17%        2d7       32%         4
d - Blink                 Tloc           20%        N/A       11%         2

Your spell library contained the following spells:

 Spells                   Type           Power      Damage    Failure   Level
 Conjure Flame            Conj/Fire      17%        6-21      10%         3
 Inner Flame              Hex/Fire       15%        N/A       12%         3
 Portal Projectile        Hex/Tloc       20%        N/A       21%         3
 Tukima's Dance           Hex            10%        N/A       21%         3
 Blade Hands              Tmut           5%         N/A       88%         5
 Manifold Assault         Tloc           10%        N/A       88%         5
 Storm Form               Tmut/Air       5%         N/A       100%        7


Dungeon Overview and Level Annotations

Branches:
Dungeon (9/15)             Temple (1/1) D:7
   Lair: D:8-11         Orc: D:9-12

Altars:
Ashenzari
Cheibriados
Dithmenos
Fedhas
Gozag
Hepliaklqana
Kikubaaqudgha
Nemelex Xobeh
Okawaru
Qazlal
Ru
Sif Muna
Trog
Uskayaw
Vehumet
Wu Jian
Xom
Yredelemnul

Shops:
D:5 *

Annotations:
D:4 Grinder
D:5 Dowan
D:6 exclusion: downstairs


Innate Abilities, Weirdness & Mutations

You have a pair of small antennae on your head.
You are surrounded by a strong repulsion field. (EV +4, RMsl)
Spells you cast may paralyse adjacent enemies.


Message History

Flames lash the gnoll.
The gnoll is severely wounded.
The gnoll's fire resistance burns away.
Malevolent energies surge around you.
The gnoll throws a stone.
The stone completely misses you. The gnoll barely misses you.
Unknown command.
Casting: Scorch (safe; 3% risk of failure)
Confirm with . or Enter, or press ? or * to list all spells.
Flames lash the gnoll.
The gnoll is burned terribly!
You kill the gnoll!
Sif Muna accepts your kill. Malevolent energies surge around you.
An acid dragon comes into view.
Unknown command.
Casting: Scorch (safe; 3% risk of failure)
Confirm with . or Enter, or press ? or * to list all spells.
Flames lash the acid dragon.
The acid dragon is lightly wounded.
The acid dragon's fire resistance burns away.
Malevolent energies surge around you. The acid dragon spits acid at you.
The splash of acid hits you!!
Ouch! That really hurt!
Unknown command.
Casting: Scorch (safe; 3% risk of failure)
Confirm with . or Enter, or press ? or * to list all spells.
Flames lash the acid dragon.
The acid dragon is burned terribly!
The acid dragon is moderately wounded.
Malevolent energies surge around you. The acid dragon barely misses you.
The acid dragon claws you. The acid dragon bites you.
The acid dragon claws you.
Unknown command.
Casting: Scorch (safe; 3% risk of failure)
Confirm with . or Enter, or press ? or * to list all spells.
Flames lash the acid dragon.
The acid dragon is burned terribly!
The acid dragon is severely wounded.
Malevolent energies surge around you. The acid dragon spits acid at you.
The splash of acid hits you!!
You die...

#...#......#
#...#.##...#
#...####...#
#...#...v..#########
#...#...............
#...#..............
#.#.####...####'####
####.#.#.######........
#......'.....('@.).....
#...####.######D######.
#...# #.# ..). #.<.#
### #.#### #...# ..
#...# ### #...# #...#
#...#


You could see an acid dragon (catching breath, combustible).

Vanquished Creatures
  3 yaks
  A steam dragon (D:9)
  A sky beast (D:7)
  2 black bears
  An ogre (D:7)
  A centaur (D:7)
  2 kobold brigands
  A bullfrog (D:7)
  2 necrophages (D:6)
  4 scorpions
  3 wights (D:7)
  3 jellies (D:6)
  A howler monkey (D:9)
  3 hounds
  3 orc priests
  Ijyb (D:3)
  6 iguanas
  7 orc wizards
  6 adders
  4 gnolls (D:9)
  3 white imps
  An ufetubus (D:6)
  2 worms
  A dart slug (D:3)
  30 orcs
  7 ball pythons
  6 bats
  9 endoplasms
  3 giant cockroaches
  5 goblins
  4 hobgoblins
  4 jackals (D:1)
  2 quokkas (D:1)
  2 frilled lizards
  12 kobolds
  4 rats
150 creatures vanquished.

Vanquished Creatures (collateral kills)
  2 yaks (D:9)
  A gnoll sergeant (D:9)
  3 gnolls (D:9)
6 creatures vanquished.

Vanquished Creatures (others)
  2 yaks (D:9)
  A gnoll bouda (D:9)
  417 foxfires
  2 fungi (D:4)
422 creatures vanquished.

Grand Total: 578 creatures vanquished

Notes
Turn   | Place    | Note
-------+----------+-------------------------------------------
     0 | D:1      | 112233 the Demonspawn Fire Elementalist began the quest for
                  | the Orb.
     0 | D:1      | Reached XP level 1. HP: 13/13 MP: 3/3
   224 | D:1      | Found a faded altar of an unknown god.
   240 | D:1      | Gained mutation: You are surrounded by a mild repulsion
                  | field. (EV +2) [demonic ancestry]
   240 | D:1      | Reached XP level 2. HP: 18/19 MP: 0/5
   733 | D:1      | Reached skill level 3 in Spellcasting
  1043 | D:2      | Gained mutation: You have a pair of small antennae on your
                  | head. [demonic ancestry]
  1043 | D:2      | Reached XP level 3. HP: 22/24 MP: 2/7
  1205 | D:2      | Learned a level 2 spell: Scorch
  2305 | D:3      | Reached skill level 4 in Spellcasting
  2305 | D:3      | Reached XP level 4. HP: 30/30 MP: 2/10
  2733 | D:3      | Gained mutation: You are surrounded by a moderate repulsion
                  | field. (EV +3) [demonic ancestry]
  2733 | D:3      | Reached XP level 5. HP: 35/35 MP: 6/12
  2745 | D:3      | Reached skill level 5 in Spellcasting
  3225 | D:3      | Found a blossoming altar of Fedhas.
  3247 | D:3      | Noticed Ijyb
  3277 | D:3      | Killed Ijyb
  3504 | D:3      | Found an ornate altar of the Wu Jian Council.
  3504 | D:3      | Found a sacrificial altar of Ru.
  3788 | D:4      | HP: 1/35 [something (3)]
  4136 | D:4      | Reached XP level 6. HP: 28/41 MP: 2/14
  4410 | D:4      | Reached skill level 6 in Spellcasting
  4762 | D:4      | Reached skill level 7 in Spellcasting
  4991 | D:4      | Noticed Grinder
  5041 | D:5      | Entered Level 5 of the Dungeon
  5059 | D:5      | Gained mutation: Spells you cast may paralyse adjacent
                  | enemies. [demonic ancestry]
  5059 | D:5      | Reached XP level 7. HP: 46/46 MP: 12/17
  5918 | D:5      | Found Gimm's Assorted Antiques.
  5998 | D:5      | Bought a ruby potion for 31 gold pieces
  5998 | D:5      | Bought a scroll labelled OSTRUL IDAG for 35 gold pieces
  5998 | D:5      | Bought a lumpy coppery potion for 31 gold pieces
  5998 | D:5      | Bought a fizzy cyan potion for 31 gold pieces
  5998 | D:5      | Bought a scroll labelled QYABEA GYODIKH for 35 gold pieces
  5998 | D:5      | Bought a scroll labelled QIVVUCKUSH for 35 gold pieces
  6233 | D:5      | Noticed Dowan
  6346 | D:6      | Reached skill level 8 in Spellcasting
  6352 | D:6      | Learned a level 4 spell: Flame Wave
  6944 | D:6      | Learned a level 2 spell: Blink
  7373 | D:6      | Reached XP level 8. HP: 53/53 MP: 12/20
  7440 | D:6      | Reached skill level 1 in Fighting
  7981 | D:7      | Reached skill level 9 in Spellcasting
  8435 | D:7      | Found a staircase to the Ecumenical Temple.
  8766 | Temple   | Entered the Ecumenical Temple
  8842 | Temple   | Became a worshipper of Sif Muna the Loreminder
 10006 | D:8      | Gained mutation: You are surrounded by a strong repulsion
                  | field. (EV +4, RMsl) [demonic ancestry]
 10006 | D:8      | Reached XP level 9. HP: 62/65 MP: 10/22
 10556 | D:9      | Reached skill level 5 in Fighting
 10556 | D:9      | Reached skill level 5 in Dodging
 10899 | D:9      | Reached * piety under Sif Muna
 10913 | D:9      | Found a broken altar of Ashenzari.
 11277 | D:9      | Reached skill level 10 in Spellcasting
 11643 | D:9      | Killed from afar by an acid dragon

Illustrated notes

Levels and vault maps discovered:
D:1:      scummos_arrival_simple_crosswalls, layout_rooms,
          dreamdust_ecumenical_altar_statues
D:2:      layout_basic
D:3:      layout_loops_ring, mainiacjoe_overflow_divided_tiny,
          gammafunk_temple_overflow_wave, uniq_ijyb
D:4:      layout_rooms, portal_sewer_entry_b,
          amcnicky_mini_rare_corridor_liquid, wad_orctagon,
          uniq_crazy_yiuf_cottage, uniq_grinder
D:5:      layout_basic, serial_shops, shop, ebering_ghost_gozag, uniq_duvessa
D:6:      layout_gridville, minivault_22
D:7:      layout_basic, temple_pool_b
D:8:      layout_loops_corners, minmay_misc_feat_roman
D:9:      layout_stronghold, mainiacjoe_overflow_paths,
          nicolae_shop_firing_range
Temple:   nicolae_temple_x_marks_the_god

Skill      XL: |  1  2  3  4  5  6  7  8  9 |
---------------+----------------------------+-----
Spellcasting   | 3 4 5 7 8 9 10 | 10.0
Dodging        | 2 4 5 |  5.5
Fighting       | 4 5 |  5.5
Stealth        | |  1.8
Conjurations   | |  1.0
Fire Magic     | |  2.7

Action                   |  1- 3 |  4- 6 |  7- 9 || total
-------------------------+-------+-------+-------++-------
Melee: Quarterstaff      |     6 |     4 |       ||    10
       Trident           |       |       |     2 ||     2
 Cast: Foxfire           |    80 |    63 |   107 ||   250
       Scorch            |     3 |    46 |   143 ||   192
Evoke: Wand              |       |       |     3 ||     3
  Use: Potion            |       |     6 |     2 ||     8
       Scroll            |       |       |     3 ||     3
Armor: Robe              |     3 |     5 |     7 ||    15
Dodge: Dodged            |    22 |    43 |    99 ||   164
Block: Other             |       |    20 |    18 ||    38
       Reflection        |       |     3 |     1 ||     4
